Match 46797336
Unlisted

Match 46797336
End
Selects Breakthrough Battlegroup
Selects Assault Grenadiers
Construct Infanterie Kompanie
Pioneer Squad
MG 42 Machine Gun Team
Grenadier Squad
Grenadier Squad
Construct Panzergrenadier Kompanie
MG 42 Bunker
251 Medium Carrier
Pak 40 Anti-tank Gun Team
MG 42 Bunker
Selects 2.5-tonne Cargo Truck
2.5-tonne Cargo Truck
Selects Blitzkrieg
Construct Panzer Kompanie
Panzergrenadier Squad
Panzergrenadier Officer Quarters
Support Elements
MG 42 Bunker
Stoßtruppen Squad
Panzer IV Medium Tank
MG 42 Bunker
Panzer IV Medium Tank
Side Skirts
Selects Tiger Heavy Tank
Selects Breakthrough
Medical Station
Stoßtruppen Squad
Panzer Officer Quarters
Pak 40 Anti-tank Gun Team
Selects Incendiary Bombing Run
Incendiary Bombing Run
Breakthrough
Tiger Heavy Tank
Incendiary Bombing Run
Incendiary Bombing Run
Breakthrough
Incendiary Bombing Run
<Alpha>saltingfish
SWORD SOUL
....
Tatari◑。
Black Baron
一杆大长枪的爹
0
0

Comments sign in to comment!

No comments posted yet!